 Dungeon Crawl Stone Soup version 0.31-a0-1099-g7fa767f3fe (webtiles) character file.

Game seed: 9729544194039282413

38168 GreatBamboolord the Thaumaturge (level 14, -8/70 HPs)
             Began as a Vine Stalker Necromancer on Oct 25, 2022.
             Was the Champion of Kikubaaqudgha.
             Mangled by an eight-headed hydra (10 damage)
             ... on level 4 of the Lair of Beasts on Dec 1, 2023.
             The game lasted 01:00:31 (16468 turns).

GreatBamboolord the Thaumaturge (VSNe)             Turns: 16468, Time: 01:00:31

Health: -8/70      AC: 14    Str: 11    XL:     14   Next: 0%
Magic:  0/33       EV: 16    Int: 19    God:    Kikubaaqudgha [******]
Gold:   969        SH:  0    Dex: 16    Spells: 11/41 levels left

rFire   . .          .
                       - Unarmed
rCold   . . .        (no shield)
rNeg    + . .        f - +0 steam dragon scales
rPois   .            Q - +1 hat
rElec   .            y - +2 cloak {Stlth+}
rCorr   .            p - +1 pair of gloves
SInv    .            m - +2 pair of boots
Will    +....        c - amulet of magic regeneration
Stlth   ++++         n - ring of positive energy
HPRegen 1.11/turn    I - ring of wizardry
MPRegen 0.63/turn

%: guardian spirit, wizardry (x1)
@: hasted, studying Stealth, very quick
A: fangs 3, regeneration 1, magic shield, antimagic bite, no potion heal 2
a: Renounce Religion, Unearth Wretches, Torment


You were on level 4 of the Lair of Beasts.
You worshipped Kikubaaqudgha.
Kikubaaqudgha was exalted by your worship.
You visited 2 branches of the dungeon, and saw 14 of its levels.
You also visited: Sewer, Ossuary and Bailey.

You collected 969 gold pieces.

Inventory:

Hand Weapons
 v - a +9 heavy battleaxe
Missiles
 a - a throwing net (quivered)
Armour
 f - +0 steam dragon scales (worn)
 m - a +2 pair of boots (worn)
 p - a +1 pair of gloves (worn)
 y - a +2 cloak of stealth (worn)
 z - a +2 robe of cold resistance
 Q - a +1 hat (worn)
Jewellery
 c - an amulet of magic regeneration (around neck)
 n - a ring of positive energy (left hand)
 t - a ring of protection from fire
 I - a ring of wizardry (right hand)
 R - a +6 ring of intelligence
Wands
 o - a wand of light (11)
 C - a wand of polymorph (5)
 E - a wand of mindburst (15)
 F - a wand of digging (19)
 N - a wand of iceblast (4)
Scrolls
 d - 4 scrolls of fog
 e - 7 scrolls of noise
 h - 5 scrolls of vulnerability
 i - 7 scrolls of teleportation
 k - a scroll of immolation
 q - a scroll of torment
 r - 5 scrolls of poison
 A - 2 scrolls of enchant weapon
 D - a scroll of silence
 J - a scroll of identify
 L - a scroll of amnesia
 P - a scroll of fear
Potions
 b - 3 potions of magic
 g - 6 potions of enlightenment
 j - 3 potions of mutation
 l - 2 potions of brilliance
 s - a potion of cancellation
 u - 3 potions of resistance {unknown}
 w - 2 potions of invisibility {unknown}
 x - a potion of attraction
 B - 8 potions of heal wounds
 G - 2 potions of haste
 H - a potion of lignification {unknown}
 K - a potion of might {unknown}
 M - 2 potions of curing
 O - 2 potions of berserk rage {unknown}


   Skills:
 * Level 6.0 Fighting
 * Level 7.3 Dodging
 * Level 4.3 Stealth
 * Level 6.8 Unarmed Combat
 * Level 14.4 Spellcasting
 * Level 1.8 Summonings
 * Level 14.0 Necromancy
 - Level 1.1 Earth Magic


You had 11 spell levels left.
You knew the following spells:

 Your Spells              Type           Power      Damage    Failure   Level
a - Necrotise             Necr           100%       1d9       0%          1
b - Vampiric Draining     Necr           61%        2d10      1%          3
c - Animate Dead          Necr           61%        N/A       1%          4
d - Cigotuvi's Dreadful   Necr/Pois/Air  62%        N/A       1%          2
e - Dispel Undead         Necr           61%        3d21      1%          4
f - Agony                 Necr           61%        N/A       1%          5
g - Death Channel         Necr           30%        N/A       1%          6
h - Borgnjor's Vile Clut  Necr/Erth      21%        N/A       2%          5

Your spell library contained the following spells:

 Spells                   Type           Power      Damage    Failure   Level
 Apportation              Tloc           26%        N/A       1%          1
 Kiss of Death            Conj/Necr      100%       2d13      1%          1
 Shock                    Conj/Air       52%        1d6       1%          1
 Sting                    Tmut/Pois      52%        1d5       1%          1
 Poisonous Vapours        Pois/Air       26%        N/A       2%          2
 Frozen Ramparts          Ice            26%        1d4       6%          3
 Ozocubu's Armour         Ice            13%        N/A       6%          3
 Swiftness                Air            13%        N/A       6%          3
 Summon Ice Beast         Ice/Summ       17%        N/A       13%         4
 Simulacrum               Ice/Necr       20%        N/A       16%         6
 Airstrike                Air            6%         2d(1-17)  19%         4
 Olgreb's Toxic Radiance  Pois           13%        N/A       19%         4
 Summon Forest            Summ/Tloc      8%         N/A       32%         5
 Summon Mana Viper        Hex/Summ       17%        N/A       32%         5
 Borgnjor's Revivificati  Necr           30%        N/A       36%         8
 Infestation              Necr           30%        N/A       36%         8
 Alistair's Intoxication  Tmut/Pois      8%         N/A       45%         5
 Iskenderun's Battlesphe  Conj           13%        2d7       45%         5
 Haunt                    Necr/Summ      21%        N/A       50%         7
 Summon Cactus Giant      Summ           10%        N/A       77%         6
 Bombard                  Conj/Erth      7%         9d2       89%         6
 Death's Door             Necr           30%        N/A       99%         9
 Ozocubu's Refrigeration  Ice            6%         4d8       100%        7
 Spellforged Servitor     Conj/Summ      8%         N/A       100%        7


Dungeon Overview and Level Annotations

Branches:
Dungeon (10/15)            Temple (0/1) D:4            Lair (4/5) D:10
  Swamp (0/4) Lair:3        Snake (0/4) Lair:3        Sewer (visited)
Ossuary (visited)          Bailey (visited)
  Slime: Lair:4-5       Orc: D:9-12

Altars:
Dithmenos
Gozag
Kikubaaqudgha
Makhleb
Vehumet
Wu Jian
Xom

Shops:
D:8 :   D:10 :

Annotations:
D:9 2 transporters, Smoky173's ghost, novice TrFi


Innate Abilities, Weirdness & Mutations

You have razor-sharp teeth.
Your natural rate of healing is unusually fast.
When hurt, damage is shared between your health and your magic reserves.
Your bite disrupts and absorbs the magic of your enemies.
Potions cannot restore your health.


Message History

Unknown command.
Saving game... please wait.
Welcome back, GreatBamboolord the Vine Stalker Necromancer.
Kikubaaqudgha says: Spread unending torment and darkness!
Press ? for a list of commands and other information.
Okay, then.
Saving game... please wait.
Welcome back, GreatBamboolord the Vine Stalker Necromancer.
Kikubaaqudgha says: Spread unending torment and darkness!
Press ? for a list of commands and other information.
Saving game... please wait.
Welcome back, GreatBamboolord the Vine Stalker Necromancer.
Kikubaaqudgha says: Spread unending torment and darkness!
Press ? for a list of commands and other information.
Saving game... please wait.
Welcome back, GreatBamboolord the Vine Stalker Necromancer.
Kikubaaqudgha says: Spread unending torment and darkness!
Press ? for a list of commands and other information.
Saving game... please wait.
Welcome back, GreatBamboolord the Vine Stalker Necromancer.
Kikubaaqudgha says: Spread unending torment and darkness!
Press ? for a list of commands and other information.
Cast which spell? (? or * to list)
Okay, then.
Aiming: Polymorph
Press: ? - help, Shift-Dir - straight line, f - eight-headed hydra
Aim: an eight-headed hydra (heavily wounded, will become an anaconda, an elephant, or a bunyip, chance to affect: 17%)
Okay, then.
Unknown command.
You feel yourself speed up.
The eight-headed hydra completely misses you.
The eight-headed hydra closely misses you.
The eight-headed hydra barely misses you.
The eight-headed hydra bites you.
* * * LOW HITPOINT WARNING * * *
The eight-headed hydra bites you.
* * * LOW HITPOINT WARNING * * *
The eight-headed hydra bites you!
You die...
Kikubaaqudgha rasps: "You have failed me!
Welcome... death!"

##... ........###.P.
#.... .............
#.... .S......... #....
#........ ###...
##....... #.....
#!...... ###...
#/#....D# #...
.......@########## ##...
........#..#P#.#.###....
........................
........................
........................
.............)..........
#..#####.#########.#.P#^
### ### #######


You could see an eight-headed hydra and a water moccasin (fleeing).

Vanquished Creatures
  Gastronok (Lair:3)
  An orc warlord (Bailey)
  The ghost of Qatafuk the Summoner, a journeyman OpSu of Gozag (Lair:3)
  Erolcha (D:9)
  A hydra (Lair:2)
  A two-headed ogre (D:7)
  A spectral death yak (Lair:3)
  A cyclops (D:7)
  A manticore (D:7)
  The ghost of Caerun the Ogre Mage, a novice OgAE (D:4)
  A black mamba (Lair:1)
  3 cane toads
  2 rime drakes (Lair:2)
  A komodo dragon (Lair:2)
  A tengu conjurer (D:10)
  2 polar bears
  3 trolls
  A hornet (D:8)
  8 blink frogs
  2 slime creatures (D:7)
  A spectral dream sheep (Lair:3)
  2 vampires (D:10)
  3 wraiths
  2 basilisks
  A spectral komodo dragon (Lair:3)
  An unseen horror simulacrum (D:8)
  13 yaks
  A steam dragon (D:7)
  4 vampire mosquitoes (Lair:3)
  3 nagas (Lair:3)
  5 water moccasins
  An acid dragon (D:10)
  2 sky beasts (D:7)
  7 ice beasts
  16 orc warriors
  An ogre (D:4)
  A spectral torpor snail (Lair:3)
  A black mamba simulacrum (Lair:3)
  3 centaurs
  14 wolves
  2 phantoms
  5 kobold brigands
  A necrophage (D:7)
  10 bullfrogs
  3 scorpions
  2 water moccasin zombies (Ossuary)
  8 wights
  11 killer bees (D:9)
  An electric eel (Lair:1)
  3 jellies
  Crazy Yiuf (D:5)
  7 hounds
  2 gnoll boudas (D:7)
  7 orc priests
  3 iguanas
  11 orc wizards
  2 mummies (Ossuary)
  12 adders
  22 gnolls
  2 river rats (Sewer)
  2 white imps
  2 howler monkey simulacra (D:8)
  5 ufetubi
  3 adder zombies (Ossuary)
  3 worms
  41 orcs
  10 ball pythons
  12 bats
  5 endoplasms
  5 giant cockroaches
  2 gnoll zombies (Ossuary)
  20 goblins
  15 hobgoblins
  3 jackals (D:4)
  19 kobolds
  9 quokkas
  10 frilled lizards
  7 hobgoblin zombies (Ossuary)
  5 kobold zombies (Ossuary)
  7 orc zombies (Ossuary)
  4 rats
420 creatures vanquished.

Vanquished Creatures (collateral kills)
  A two-headed ogre (D:10)
  A gargoyle (D:10)
  A torpor snail (Lair:1)
  5 cane toads
  A komodo dragon (Lair:1)
  A tengu conjurer (D:10)
  4 blink frogs
  2 dream sheep (Lair:1)
  2 basilisks (Lair:1)
  7 yaks
  A naga (Lair:3)
  A water moccasin (Lair:1)
  2 orc warriors
  5 wolves
  A phantom (D:4)
  A torpor snail simulacrum (Lair:3)
  An orc wizard (D:10)
  A dart slug (D:1)
  A giant cockroach (Sewer)
  A bat (D:2)
  2 goblins
  2 kobolds
  A rat (D:1)
45 creatures vanquished.

Vanquished Creatures (others)
  12 wolf zombies
  A bullfrog zombie (Lair:3)
  A gnoll zombie (Bailey)
  2 goblin zombies (Bailey)
  A hobgoblin zombie (Bailey)
  11 orc zombies
28 creatures vanquished.

Grand Total: 493 creatures vanquished

Notes
Turn   | Place    | Note
-------+----------+-------------------------------------------
     0 | D:1      | GreatBamboolord the Vine Stalker Necromancer began the
                  | quest for the Orb.
     0 | D:1      | Reached XP level 1. HP: 9/9 MP: 4/4
   235 | D:1      | Reached XP level 2. HP: 10/13 MP: 0/6
  1075 | D:2      | Reached XP level 3. HP: 16/16 MP: 4/7
  1367 | D:2      | Found a faded altar of an unknown god.
  1409 | D:2      | Learned a level 3 spell: Vampiric Draining
  2030 | D:3      | Gained mutation: Your natural rate of healing is unusually
                  | fast. [Vine Stalker growth]
  2030 | D:3      | Reached XP level 4. HP: 21/21 MP: 6/9
  2136 | D:3      | Reached skill level 1 in Unarmed Combat
  2182 | D:3      | Learned a level 4 spell: Animate Dead
  2426 | D:3      | Found a shimmering altar of Xom.
  2426 | D:3      | Found an ancient bone altar of Kikubaaqudgha.
  2607 | D:3      | Became a worshipper of Kikubaaqudgha
  2839 | D:3      | Found a faded altar of an unknown god.
  2844 | D:3      | Found a burning altar of Makhleb.
  3308 | D:4      | Reached XP level 5. HP: 19/25 MP: 5/11
  3353 | D:4      | Learned a level 2 spell: Cigotuvi's Dreadful Rot
  3357 | D:4      | Noticed a phantom
  3395 | D:4      | Killed a phantom
  3396 | D:4      | Reached skill level 5 in Necromancy
  3431 | D:4      | Reached XP level 6. HP: 22/29 MP: 3/13
  3511 | D:4      | Found a staircase to the Ecumenical Temple.
  3707 | D:4      | Reached skill level 1 in Fighting
  3850 | D:4      | Found a runed translucent gate.
  3850 | D:4      | Found a runed translucent gate.
  3851 | D:4      | Found a runed translucent gate.
  3851 | D:4      | Noticed Caerun's ghost (novice OgAE)
  4043 | D:4      | Killed Caerun's ghost
  4044 | D:4      | Reached skill level 5 in Spellcasting
  4044 | D:4      | Reached XP level 7. HP: 32/33 MP: 13/16
  4079 | D:5      | Entered Level 5 of the Dungeon
  4130 | D:5      | Found a glowing drain.
  4140 | Sewer    | Entered a sewer
  4146 | Sewer    | Learned a level 4 spell: Dispel Undead
  4385 | Sewer    | Reached * piety under Kikubaaqudgha
  4385 | Sewer    | Received a gift from Kikubaaqudgha
  4737 | D:5      | Gained mutation: You have razor-sharp teeth. [Vine Stalker
                  | growth]
  4737 | D:5      | Reached XP level 8. HP: 33/38 MP: 7/17
  5764 | D:5      | Found a runed translucent door.
  5765 | D:5      | Noticed Crazy Yiuf
  5785 | D:5      | Killed Crazy Yiuf
  5904 | D:6      | Found a sand-covered staircase.
  5909 | Ossuary  | Entered an ossuary
  5924 | Ossuary  | Reached ** piety under Kikubaaqudgha
  6252 | D:6      | Reached XP level 9. HP: 42/42 MP: 14/21
  6700 | D:6      | Reached *** piety under Kikubaaqudgha
  6700 | D:6      | Received a gift from Kikubaaqudgha
  6713 | D:6      | Learned a level 5 spell: Agony
  6973 | D:7      | Found an ornate altar of the Wu Jian Council.
  6973 | D:7      | Found a shadowy altar of Dithmenos.
  7234 | D:7      | Noticed a two-headed ogre
  7243 | D:7      | Killed a two-headed ogre
  7464 | D:7      | Noticed a cyclops
  7465 | D:7      | Noticed a manticore
  7474 | D:7      | Reached XP level 10. HP: 45/49 MP: 17/24
  7507 | D:7      | Killed a manticore
  7820 | D:7      | Identified the +1 spear of Annihilation {protect, *Noise
                  | Fly rF- Int+8}
  7820 | D:7      | Identified the +7 shortbow of Vuaczal {drain, *Slow rPois
                  | Will+++ Int-3}
  7821 | D:7      | Identified the +11 morningstar of Ignis's Supremacy
                  | {vorpal, rF- rC+ rN+}
  7824 | D:7      | Identified the +10 glaive of Pyromania {spect, Int+5}
  7847 | D:7      | Reached **** piety under Kikubaaqudgha
  8060 | D:7      | Killed a cyclops
  8157 | D:7      | Reached skill level 5 in Unarmed Combat
  8285 | D:7      | Reached skill level 10 in Spellcasting
  8586 | D:7      | Learned a level 6 spell: Death Channel
  8728 | D:8      | Found Keitra's Book Boutique.
  8775 | D:8      | Reached skill level 10 in Necromancy
  8867 | D:8      | Paralysed by a hornet for 2 turns
  9021 | D:8      | Reached XP level 11. HP: 53/53 MP: 21/26
 10139 | D:9      | Found a transporter.
 10143 | D:9      | Noticed a wretched star
 10162 | D:9      | Noticed a thrashing horror
 10163 | D:9      | Noticed a sixfirhy
 10200 | D:9      | Noticed Erolcha
 10202 | D:9      | Found a flagged portal.
 10210 | Bailey   | Entered a bailey
 10491 | Bailey   | Noticed an orc warlord
 10506 | Bailey   | Reached ***** piety under Kikubaaqudgha
 10671 | Bailey   | Killed an orc warlord
 10828 | Bailey   | Reached XP level 12. HP: 58/58 MP: 27/29
 10866 | D:9      | Killed Erolcha
 10917 | D:9      | Found a transporter.
 11212 | D:9      | Found a radiant altar of Vehumet.
 11414 | D:9      | Noticed a rakshasa
 11426 | D:9      | Noticed Smoky173's ghost (novice TrFi)
 12002 | D:10     | Entered Level 10 of the Dungeon
 12077 | D:10     | Found Maipsuci's Book Emporium.
 12151 | D:10     | Learned a level 5 spell: Borgnjor's Vile Clutch
 12244 | D:10     | Found the +0 staff of Battle
 12259 | D:10     | Reached skill level 5 in Fighting
 12377 | D:10     | Noticed a two-headed ogre
 12387 | D:10     | Killed a two-headed ogre
 12678 | D:10     | Found an opulent altar of Gozag.
 12817 | D:10     | Found a staircase to the Lair.
 13311 | Lair:1   | Entered Level 1 of the Lair of Beasts
 13399 | Lair:1   | Reached XP level 13. HP: 52/63 MP: 14/30
 13430 | Lair:1   | Reached skill level 1 in Earth Magic
 14729 | Lair:2   | Reached ****** piety under Kikubaaqudgha
 14732 | Lair:2   | Received a gift from Kikubaaqudgha
 15513 | Lair:3   | Found a runed translucent gate.
 15513 | Lair:3   | Found a runed translucent gate.
 15513 | Lair:3   | Found a runed translucent gate.
 15514 | Lair:3   | Noticed Qatafuk's ghost (journeyman OpSu)
 15570 | Lair:3   | Killed Qatafuk's ghost
 15571 | Lair:3   | Reached skill level 1 in Summonings
 15769 | Lair:3   | Found a staircase to the Swamp.
 15833 | Lair:3   | Noticed Gastronok
 15843 | Lair:3   | Killed Gastronok
 15920 | Lair:3   | Found a staircase to the Snake Pit.
 16248 | Lair:3   | Reached XP level 14. HP: 70/70 MP: 2/33
 16468 | Lair:4   | Upgraded the game from 0.30-a0-311-gf115ab0292 to
                  | 0.30-a0-321-gf7783e6616
 16468 | Lair:4   | Upgraded the game from 0.30-a0-321-gf7783e6616 to
                  | 0.30-a0-390-g80c34de65d
 16468 | Lair:4   | Upgraded the game from 0.30-a0-390-g80c34de65d to
                  | 0.30-a0-782-ge64f9170bb
 16468 | Lair:4   | Upgraded the game from 0.30-a0-782-ge64f9170bb to
                  | 0.30-a0-939-gc8157cb160
 16468 | Lair:4   | Upgraded the game from 0.30-a0-939-gc8157cb160 to
                  | 0.31-a0-1099-g7fa767f3fe
 16468 | Lair:4   | HP: 2/70 [eight-headed hydra (4)]
 16468 | Lair:4   | Mangled by an eight-headed hydra

Illustrated notes

Levels and vault maps discovered:
D:1:      wheals_arrival_shading, layout_loops_ring
D:2:      layout_basic, shapermc_ecumenical_altar_mp_urbaneastern
D:3:      layout_basic, nicolae_overflow_ecumenical_swirl,
          gammafunk_temple_overflow_elements
D:4:      layout_loops_corners, minmay_temple_entry_drinking_statues,
          ebering_ghost_rock_garden
D:5:      layout_layer_cave, gup_sewer_entry_pipe, uniq_crazy_yiuf_cottage
D:6:      layout_loops_ring, nicolae_ossuary_entry_ruins,
          kennysheep_generic_room_8
D:7:      minmay_the_grid_square_5x5_3x3 [minmay_the_grid_square_5x5_checkered,
          minmay_the_grid_square_5x5_gyroscope,
          minmay_the_grid_square_5x5_doubleslash,
          minmay_the_grid_square_5x5_six_small,
          minmay_the_grid_square_5x5_megaprize_checkered,
          minmay_the_grid_square_5x5_inverted_slash,
          minmay_the_grid_square_5x5_fancy_junction,
          minmay_the_grid_square_5x5_eight_small,
          minmay_the_grid_square_5x5_bite], layout_gridville,
          chequers_temple_overflow_statue_of_worship
D:8:      layout_layer_cave, serial_shops, shop, serial_ice, serial_ice_n,
          serial_ice_c, serial_ice_g, serial_ice_o, mrwooster_statue_mirror,
          minmay_misc_feat_room
D:9:      layout_loops_ring, kennysheep_mini, gammafunk_ghost_abyssal_escape,
          enter_bailey_3, kennysheep_small_spiral, uniq_erolcha
D:10:     layout_layer_cave, lemuel_round_altar, dpeg_oklobed_lair,
          serial_shops, shop, hellmonk_guarded_unrand_staff_of_battle
Lair:1:   layout_gridlike, grunt_megastairs_5, serial_bayou_shore_a,
          infiniplex_staircase_pool
Lair:2:   layout_cave_pods
Lair:3:   layout_gridlike, minmay_swamp_entry_swarm,
          minmay_snake_entry_guardpost_medium, gammafunk_ghost_necromancy,
          lemuel_fruit_fields, uniq_gastronok
Lair:4:   layout_cellular_growth, slime_entry_1, grunt_megastairs_1

Skill      XL: |  1  2  3  4  5  6  7  8  9 10 11 12 13 |
---------------+----------------------------------------+-----
Spellcasting   | 3 4 5 7 9 10 12 14 | 14.4
Unarmed Combat | 1 2 3 4 5 6 |  6.8
Dodging        | 2 3 4 6 7 |  7.3
Necromancy     | 5 6 7 9 10 11 12 14 | 14.0
Fighting       | 1 2 3 4 5 6 |  6.0
Stealth        | 3 4 |  4.3
Earth Magic    | 1 |  1.1
Summonings     | 1 |  1.8

Action                     |  1- 3 |  4- 6 |  7- 9 | 10-12 | 13-15 || total
---------------------------+-------+-------+-------+-------+-------++-------
  Melee: Unarmed           |     2 |    54 |    76 |   172 |    67 ||   371
         Bite              |     1 |    15 |    22 |    59 |    27 ||   124
         Punch             |       |     3 |     1 |     9 |     3 ||    16
   Cast: Necrotise         |    85 |    76 |   153 |    61 |       ||   375
         Vampiric Draining |       |     2 |    55 |   251 |   137 ||   445
         Cigotuvi's Dreadf |       |     1 |     1 |       |       ||     2
         Animate Dead      |       |       |     2 |     6 |     2 ||    10
         Dispel Undead     |       |       |    34 |    13 |    14 ||    61
         Agony             |       |       |     1 |    24 |    13 ||    38
         Death Channel     |       |       |       |     5 |     2 ||     7
         Borgnjor's Vile C |       |       |       |     4 |     5 ||     9
 Invoke: Receive Forbidden |       |       |       |       |     1 ||     1
  Evoke: Wand              |       |       |       |     2 |       ||     2
    Use: Scroll            |     4 |     4 |     9 |    17 |     3 ||    37
         Potion            |       |       |     1 |     6 |     1 ||     8
   Stab: Sleeping          |       |     1 |       |     3 |       ||     4
         Distracted        |       |       |       |     2 |     1 ||     3
 Armour: Robe              |    12 |    34 |    92 |    34 |       ||   172
         Steam dragon scal |       |       |       |   166 |    86 ||   252
  Dodge: Dodged            |    13 |    55 |   161 |   345 |   216 ||   790

Table legend: (Time is in decaauts)
 A = Elapsed time spent in this place.
 B = Non-inter-level travel time spent in this place.
 C = Inter-level travel time spent in this place.
 D = Time resting spent in this place.
 E = Time spent auto-exploring this place.
 F = Levels seen in this place.
 G = Mean time per level.
                   A        B        C        D        E       F      G
               +--------+--------+--------+--------+--------+-----+--------+
         Total |  16650 |  15895 |    755 |    716 |  11516 |  17 |  979.4 |
       Dungeon |  11872 |  11202 |    670 |    493 |   8587 |  10 | 1187.2 |
          Lair |   3167 |   3083 |     84 |     33 |   2462 |   4 |  791.8 |
         Sewer |    726 |    726 |      0 |      0 |    467 |   1 |  726.0 |
       Ossuary |    251 |    251 |      0 |     96 |      0 |   1 |  251.0 |
        Bailey |    632 |    632 |      0 |     94 |      0 |   1 |  632.0 |
               +--------+--------+--------+--------+--------+-----+--------+

Top non-repeatable levels by time:
     D:8: 1506 daAuts
     D:7: 1442 daAuts
    D:10: 1306 daAuts
     D:5: 1238 daAuts
     D:9: 1235 daAuts
  Lair:2: 1151 daAuts
     D:3: 1069 daAuts
     D:6: 1066 daAuts
     D:1: 1029 daAuts
     D:4: 1022 daAuts
  Lair:1: 1012 daAuts
  Lair:3: 959 daAuts
     D:2: 955 daAuts
   Sewer: 726 daAuts
  Bailey: 632 daAuts
